 Dungeon Crawl Stone Soup version 0.22.1-2-g9c5b331 (webtiles) character file.

7700 TheAlmogaver the Thaumaturge (level 11, -4/81 HPs)
             Began as a Gnoll Wizard on Dec 26, 2018.
             Was a Believer of Ashenzari.
             Slain by a wolf (10 damage)
             ... on level 1 of the Lair of Beasts.
             The game lasted 02:19:04 (17991 turns).

TheAlmogaver the Thaumaturge (Gnoll Wizard)        Turns: 17991, Time: 02:19:05

Health: -4/81      AC: 10    Str: 11    XL:     11   Next: 19%
Magic:  24/33      EV: 16    Int: 23    God:    Ashenzari [**....]
Gold:   595        SH:  0    Dex: 13    Spells: 16/28 levels left

rFire    + . .     SeeInvis .   J - +2 long sword (flame)
rCold    + + +     Gourm    .   (no shield)
rNeg     . . .     Faith    .   k - +2 robe {rC+}
rPois    .         Spirit   .   b - +0 hat
rElec    .         Reflect  .   P - +0 cloak
rCorr    .         Harm     +   W - +1 pair of gloves
MR       .....                  e - +1 pair of boots
Stlth    +++.......             X - amulet of Nefieg {Harm *Drain *Slow rF+ rC++} (curse)
HPRegen  0.23/turn              j - ring of magical power (curse)
MPRegen  0.23/turn              Q - ring of flight (curse)

@: lethally poisoned (-4 -> -8)
A: distributed training, fangs 1, strong nose
a: Curse Item, Scrying, Renounce Religion, Evoke Flight


You were on level 1 of the Lair of Beasts.
You worshipped Ashenzari.
Ashenzari was pleased with you.
You were not hungry.

You visited 3 branches of the dungeon, and saw 13 of its levels.

You collected 595 gold pieces.

Inventory:

Hand Weapons
 J - a +2 long sword of flaming (weapon)
 L - a +4 scimitar
Missiles
 g - 2 javelins
 h - 25 poisoned needles (quivered)
 m - 165 arrows
Armour
 b - a +0 hat (worn)
 e - a +1 pair of boots (worn)
 k - a +2 robe of cold resistance (worn)
 P - a +0 cloak (worn)
 W - a +1 pair of gloves (worn)
Jewellery
 j - a cursed ring of magical power (left hand)
 l - an uncursed amulet of regeneration
 Q - a cursed ring of flight (right hand)
 X - the cursed amulet of Nefieg (around neck) {Harm *Drain *Slow rF+ rC++}
   (You found it on level 11 of the Dungeon)

   [amulet of harm]

   It increases damage dealt and taken.
   It protects you from fire.
   It greatly protects you from cold.
   It causes draining when unequipped.
   It may slow you when you take damage.
   It has a curse placed upon it.
Wands
 f - a wand of acid (8)
 y - a wand of iceblast (10)
 H - a wand of flame (24)
 N - a wand of polymorph (11)
Scrolls
 n - 5 scrolls of teleportation
 o - 2 scrolls of immolation
 p - 3 scrolls of fog
 q - 2 scrolls of blinking {unknown}
 s - 2 scrolls of magic mapping {unknown}
 A - a scroll of enchant weapon {unknown}
 B - 3 scrolls of remove curse
 D - 2 scrolls of fear {unknown}
 E - 3 scrolls of amnesia {unknown}
 K - a scroll of noise {unknown}
 T - 3 scrolls of random uselessness {unknown}
Potions
 c - 4 potions of lignification
 i - 2 potions of ambrosia
 r - 2 potions of might
 t - a potion of agility
 v - 5 potions of curing
 C - 3 potions of magic
 F - a potion of mutation
 I - 4 potions of flight {unknown}
 M - 2 potions of haste {unknown}
 O - a potion of brilliance {unknown}
 S - a potion of cancellation {unknown}
 V - a potion of berserk rage
Comestibles
 a - a chunk of flesh
 d - 10 rations


   Skills:
 + Level 5.9 Fighting
 + Level 5.9 Short Blades
 + Level 5.9 Long Blades
 + Level 5.9 Axes
 + Level 5.9 Maces & Flails
 + Level 5.9 Polearms
 + Level 5.9 Staves
 + Level 5.9 Slings
 + Level 5.9 Bows
 + Level 5.9 Crossbows
 + Level 5.9 Throwing
 + Level 5.9 Armour
 + Level 7.6 Dodging
 + Level 7.3 Stealth
 + Level 5.9 Shields
 + Level 5.9 Unarmed Combat
 + Level 9.4 Spellcasting
 + Level 5.4(7.7) Conjurations
 + Level 4.9(7.1) Hexes
 + Level 4.9(7.1) Charms
 + Level 5.4(7.7) Summonings
 + Level 4.9(7.1) Necromancy
 + Level 5.4(7.7) Translocations
 + Level 4.9(7.1) Transmutations
 + Level 4.9(7.1) Fire Magic
 + Level 4.9(7.1) Ice Magic
 + Level 4.9(7.1) Air Magic
 + Level 4.9(7.1) Earth Magic
 + Level 4.9(7.1) Poison Magic
 + Level 6.5 Invocations
 + Level 5.9(8.2) Evocations


You had 16 spell levels left.
You knew the following spells:

 Your Spells              Type           Power        Failure   Level  Hunger
a - Magic Dart            Conj           ####         1%          1    None
b - Blink                 Tloc           N/A          1%          2    None
c - Call Imp              Summ           #####...     1%          2    None
d - Conjure Flame         Conj/Fire      #####...     1%          3    None
e - Mephitic Cloud        Conj/Pois/Air  #####...     1%          3    None
f - Confusing Touch       Hex            #####.       1%          1    None

Your spell library contained the following spells:

 Spells                   Type           Power        Failure   Level  Hunger
 Animate Skeleton         Necr           N/A          1%          1    None
 Apportation              Tloc           #####.       1%          1    None
 Summon Small Mammal      Summ           ####         1%          1    None
 Slow                     Hex            #####...     1%          2    None


Dungeon Overview and Level Annotations

Branches:
Dungeon (11/15)            Temple (1/1) D:4            Lair (1/6) D:9
    Orc (0/2) D:10

Altars:
Ashenzari
Cheibriados
Dithmenos
Elyvilon
Fedhas
Gozag
Hepliaklqana
Kikubaaqudgha
Makhleb
Nemelex Xobeh
Okawaru
Qazlal
Ru
Sif Muna
Trog
Uskayaw
Vehumet
Wu Jian
Xom
Yredelemnul
Zin
The Shining One

Annotations:
D:4 Pikel
D:6 3 runed doors, Barsley's ghost, novice NaEn; Bwemp's ghost, novice DsGl


Innate Abilities, Weirdness & Mutations

Your experience applies equally to all skills.
You have very sharp teeth.
Your uncanny sense of smell can sniff out nearby items.


Message History

You feel sick.
You feel sick. The wolf bites you but does no damage. The wolf bites you.
* * * LOW HITPOINT WARNING * * *
You feel sick. The spiny frog stings you!
* * * LOW HITPOINT WARNING * * *
Casting: Magic Dart (safe; 1% risk of failure)
Confirm with . or Enter, or press ? or * to list all spells.
You blink.
You feel sick.
You feel sick.
You feel sick.
You feel sick.
You feel sick.
Casting: Blink (safe; 1% risk of failure)
Confirm with . or Enter, or press ? or * to list all spells.
A beastly little devil appears in a puff of frigid air.
The wolf completely misses you. The wolf bites your white imp!
You feel sick. The wolf bites your white imp!
Your white imp dies!
The wolf bites you!
You die...

#[.....{h.......#
#.
#......#h.....###
,
##......hF...###*
#..÷...h....## *,
, ,
#<#....######* ,,
, #...{.## * * #,
, ####.## ... ,
#.hh#####.P# * ,
#....h@...# , *
########.##* ,*
*# , *,,, , *,∆ ,
* , , , *


You could see 3 wolves.

Vanquished Creatures
  An ugly thing (D:11)
  A cyclops (D:10)
  2 spiny frogs (Lair:1)
  A redback zombie (D:11)
  A troll (D:7)
  Grinder (D:3)
  2 hippogriffs
  Sigmund (D:4)
  3 yaks (D:11)
  Eustachio (D:4)
  3 porcupines (Lair:1)
  A water moccasin (Lair:1)
  2 ice beasts (D:5)
  3 slaves (D:4)
  A sky beast (D:10)
  4 orc warriors
  3 phantoms
  3 ogres
  5 bullfrogs
  A scorpion (Temple)
  8 wights
  5 howler monkeys
  A centaur zombie (D:11)
  A bullfrog zombie (D:11)
  A gnoll shaman (D:8)
  A bullfrog skeleton (D:11)
  2 hounds
  2 orc priests
  2 iguanas
  5 orc wizards
  3 worker ants
  15 gnolls
  8 adders
  An ooze (D:4)
  A dart slug (D:2)
  6 leopard geckos
  45 orcs
  A ball python (D:2)
  7 bats
  11 goblins
  4 hobgoblins
  16 jackals
  2 quokkas
  3 frilled lizards
  9 kobolds
  A leopard gecko skeleton (D:7)
  A quokka zombie (D:5)
  4 rats
206 creatures vanquished.

Vanquished Creatures (collateral kills)
  A two-headed ogre (D:11)
  A centaur zombie (D:10)
  A spiny frog (D:9)
  A yak (Lair:1)
  A wraith (D:10)
  A soldier ant (D:10)
  A porcupine (Lair:1)
  A sky beast (D:5)
  A slave (D:4)
  2 orc warriors
  A black bear (D:8)
  An ogre (D:10)
  2 centaurs (D:8)
  3 bullfrogs
  A scorpion (D:7)
  2 wights (D:6)
  2 howler monkeys (D:7)
  3 bullfrog zombies
  A crimson imp (D:11)
  2 hounds
  A bullfrog skeleton (D:10)
  5 orc priests
  A gnoll shaman (D:7)
  An orc wizard (D:6)
  Ijyb (D:3)
  Terence (D:3)
  2 iguanas
  5 worker ants
  2 adders
  7 gnolls
  A worm (D:6)
  3 leopard geckos
  20 orcs
  2 ball pythons
  2 giant cockroaches (D:3)
  3 goblins (D:2)
  3 hobgoblins (D:2)
  5 jackals
  2 frilled lizards
  A rat (D:3)
97 creatures vanquished.

Vanquished Creatures (others)
  5 toadstools (D:1)
  A withered plant (D:6)
6 creatures vanquished.

Grand Total: 309 creatures vanquished

Notes
Turn   | Place    | Note
-------+----------+-------------------------------------------
     0 | D:1      | TheAlmogaver the Gnoll Wizard began the quest for the Orb.
     0 | D:1      | Reached XP level 1. HP: 13/13 MP: 8/8
   361 | D:1      | Reached XP level 2. HP: 19/19 MP: 8/10
  1241 | D:2      | Reached XP level 3. HP: 25/25 MP: 6/11
  1289 | D:2      | Learned a level 2 spell: Blink
  1292 | D:2      | Learned a level 2 spell: Call Imp
  1296 | D:2      | Learned a level 3 spell: Conjure Flame
  1300 | D:2      | Learned a level 3 spell: Mephitic Cloud
  1693 | D:2      | Reached skill level 1 in Invocations
  1964 | D:3      | Noticed Terence
  1976 | D:3      | Killed Terence
  1976 | D:3      | Reached skill level 1 in Fighting
  1976 | D:3      | Reached skill level 1 in Short Blades
  1976 | D:3      | Reached skill level 1 in Long Blades
  1976 | D:3      | Reached skill level 1 in Axes
  1976 | D:3      | Reached skill level 1 in Maces & Flails
  1976 | D:3      | Reached skill level 1 in Polearms
  1976 | D:3      | Reached skill level 1 in Staves
  1976 | D:3      | Reached skill level 1 in Slings
  1976 | D:3      | Reached skill level 1 in Bows
  1976 | D:3      | Reached skill level 1 in Crossbows
  1976 | D:3      | Reached skill level 1 in Throwing
  1976 | D:3      | Reached skill level 1 in Armour
  1976 | D:3      | Reached skill level 1 in Shields
  1976 | D:3      | Reached skill level 1 in Unarmed Combat
  1976 | D:3      | Reached skill level 1 in Evocations
  1976 | D:3      | Reached XP level 4. HP: 32/32 MP: 7/13
  2123 | D:3      | Noticed Ijyb
  2135 | D:3      | Killed Ijyb
  2314 | D:3      | Reached skill level 1 in Hexes
  2314 | D:3      | Reached skill level 1 in Charms
  2314 | D:3      | Reached skill level 1 in Necromancy
  2314 | D:3      | Reached skill level 1 in Transmutations
  2314 | D:3      | Reached skill level 1 in Fire Magic
  2314 | D:3      | Reached skill level 1 in Ice Magic
  2314 | D:3      | Reached skill level 1 in Air Magic
  2314 | D:3      | Reached skill level 1 in Earth Magic
  2314 | D:3      | Reached skill level 1 in Poison Magic
  2400 | D:3      | Noticed Grinder
  2470 | D:3      | Paralysed by Grinder for 2 turns
  2476 | D:3      | Paralysed by Grinder for 7 turns
  2514 | D:3      | Paralysed by Grinder for 7 turns
  2750 | D:3      | Paralysed by Grinder for 7 turns
  2765 | D:3      | Paralysed by Grinder for 5 turns
  2962 | D:3      | Paralysed by Grinder for 4 turns
  2967 | D:3      | Killed Grinder
  2967 | D:3      | Reached XP level 5. HP: 38/38 MP: 2/14
  2967 | D:3      | Reached XP level 6. HP: 44/44 MP: 2/16
  3262 | D:4      | Noticed Sigmund
  3262 | D:4      | Noticed Eustachio
  3396 | D:4      | Found a staircase to the Ecumenical Temple.
  3403 | Temple   | Entered the Ecumenical Temple
  3444 | Temple   | Became a worshipper of Ashenzari the Shackled
  3769 | Temple   | Reached skill level 5 in Dodging
  4280 | D:4      | Killed Eustachio
  4598 | D:4      | Reached XP level 7. HP: 50/50 MP: 10/18
  5119 | D:4      | Killed Sigmund
  5403 | D:4      | Noticed Pikel
  5405 | D:4      | Reached skill level 5 in Stealth
  5828 | D:5      | Entered Level 5 of the Dungeon
  5992 | D:5      | Found an iron altar of Okawaru.
  6132 | D:5      | Found a sacrificial altar of Ru.
  6356 | D:5      | Reached XP level 8. HP: 57/57 MP: 19/19
  7576 | D:5      | Reached skill level 8 in Spellcasting
  8696 | D:6      | Reached XP level 9. HP: 65/65 MP: 21/21
  9058 | D:6      | Found a runed gate.
  9058 | D:6      | Found a runed gate.
  9058 | D:6      | Found a runed gate.
  9058 | D:6      | Noticed Barsley's ghost (novice NaEn)
  9059 | D:6      | Noticed Bwemp's ghost (novice DsGl)
  9061 | D:6      | Identified the ring "Netax" {+Fly Str+2}
 10316 | D:7      | Noticed a troll
 10339 | D:7      | Killed a troll
 10924 | D:7      | Reached skill level 5 in Invocations
 11691 | D:8      | Reached XP level 10. HP: 73/73 MP: 22/22
 12097 | D:8      | Reached * piety under Ashenzari
 12746 | D:9      | Found a staircase to the Lair.
 13059 | D:9      | Reached ** piety under Ashenzari
 13458 | D:10     | Entered Level 10 of the Dungeon
 13525 | D:10     | Reached skill level 5 in Fighting
 13525 | D:10     | Reached skill level 5 in Short Blades
 13525 | D:10     | Reached skill level 5 in Long Blades
 13525 | D:10     | Reached skill level 5 in Axes
 13525 | D:10     | Reached skill level 5 in Maces & Flails
 13525 | D:10     | Reached skill level 5 in Polearms
 13525 | D:10     | Reached skill level 5 in Staves
 13525 | D:10     | Reached skill level 5 in Slings
 13525 | D:10     | Reached skill level 5 in Bows
 13525 | D:10     | Reached skill level 5 in Crossbows
 13525 | D:10     | Reached skill level 5 in Throwing
 13525 | D:10     | Reached skill level 5 in Armour
 13525 | D:10     | Reached skill level 5 in Shields
 13525 | D:10     | Reached skill level 5 in Unarmed Combat
 13525 | D:10     | Reached skill level 5 in Evocations
 14086 | D:11     | Identified the amulet of Nefieg {Harm *Drain *Slow rF+
                  | rC++}
 14436 | D:10     | Found a staircase to the Orcish Mines.
 14727 | D:10     | Noticed a cyclops
 14869 | D:10     | Killed a cyclops
 14869 | D:10     | Reached skill level 9 in Spellcasting
 15748 | Lair:1   | Entered Level 1 of the Lair of Beasts
 15758 | Lair:1   | Reached skill level 5 in Conjurations
 15758 | Lair:1   | Reached skill level 5 in Summonings
 15758 | Lair:1   | Reached skill level 5 in Translocations
 15764 | Lair:1   | Noticed a spiny frog
 15782 | Lair:1   | Killed a spiny frog
 15826 | Lair:1   | Noticed a spiny frog
 15830 | Lair:1   | Noticed a spiny frog
 15940 | D:9      | Killed a spiny frog
 16438 | D:11     | Noticed a red ugly thing
 16455 | D:11     | Killed a red ugly thing
 16455 | D:11     | Reached XP level 11. HP: 81/81 MP: 18/24
 16704 | D:11     | Noticed a two-headed ogre
 16716 | D:11     | Killed a two-headed ogre
 17870 | Lair:1   | Learned a level 1 spell: Confusing Touch
 17991 | Lair:1   | Slain by a wolf

Skill      XL: |  1  2  3  4  5  6  7  8  9 10 |
---------------+-------------------------------+-----
Conjurations   | 2 3 4 5 |  5.4
Summonings     | 2 3 4 5 |  5.4
Translocations | 2 3 4 5 |  5.4
Invocations    | 1 2 3 4 5 6 |  6.5
Fighting       | 1 2 3 4 5 |  5.9
Short Blades   | 1 2 3 4 5 |  5.9
Long Blades    | 1 2 3 4 5 |  5.9
Axes           | 1 2 3 4 5 |  5.9
Maces & Flails | 1 2 3 4 5 |  5.9
Polearms       | 1 2 3 4 5 |  5.9
Staves         | 1 2 3 4 5 |  5.9
Slings         | 1 2 3 4 5 |  5.9
Bows           | 1 2 3 4 5 |  5.9
Crossbows      | 1 2 3 4 5 |  5.9
Throwing       | 1 2 3 4 5 |  5.9
Armour         | 1 2 3 4 5 |  5.9
Shields        | 1 2 3 4 5 |  5.9
Unarmed Combat | 1 2 3 4 5 |  5.9
Evocations     | 1 2 3 4 5 |  5.9
Hexes          | 1 2 3 4 |  4.9
Charms         | 1 2 3 4 |  4.9
Necromancy     | 1 2 3 4 |  4.9
Transmutations | 1 2 3 4 |  4.9
Fire Magic     | 1 2 3 4 |  4.9
Ice Magic      | 1 2 3 4 |  4.9
Air Magic      | 1 2 3 4 |  4.9
Earth Magic    | 1 2 3 4 |  4.9
Poison Magic   | 1 2 3 4 |  4.9
Dodging        | 5 6 7 |  7.6
Stealth        | 5 6 7 |  7.3
Spellcasting   | 8 9 |  9.4

Action                   |  1- 3 |  4- 6 |  7- 9 | 10-12 || total
-------------------------+-------+-------+-------+-------++-------
Melee: Short sword       |       |     9 |    14 |       ||    23
       Bite              |       |     1 |     7 |     8 ||    16
       Falchion          |       |       |    12 |       ||    12
       Scimitar          |       |       |     8 |     8 ||    16
       Long sword        |       |       |     5 |    15 ||    20
 Cast: Magic Dart        |    65 |    95 |   370 |   261 ||   791
       Call Imp          |     6 |    28 |   122 |   140 ||   296
       Blink             |       |    15 |    15 |    24 ||    54
       Mephitic Cloud    |       |     8 |    28 |    30 ||    66
       Conjure Flame     |       |     2 |    11 |    12 ||    25
Invok: Curse Item        |       |       |       |     4 ||     4
Evoke: Wand              |       |     1 |       |     4 ||     5
  Use: Scroll            |       |     5 |     4 |     5 ||    14
       Potion            |       |     1 |       |     2 ||     3
 Stab: Confused          |       |     1 |     2 |     4 ||     7
  Eat: Chunk             |     3 |     2 |     5 |     4 ||    14
       Ration            |       |     2 |     5 |     4 ||    11
Armor: Robe              |     1 |    17 |    34 |    39 ||    91
Dodge: Dodged            |     7 |    52 |   133 |   122 ||   314
       Rpst.: Falchion   |       |       |    10 |       ||    10
       Scimitar          |       |       |    18 |    16 ||    34
       Long sword        |       |       |     2 |     8 ||    10
